PAAA
BAKERSFIELD NOBLES @ VERMONT LAKE MONSTERS
08/10/2027
 
TOP OF THE 1ST
Bakersfield Nobles batting - Pitching for Vermont Lake Monsters : LHP Cherles Gachineiro
Pitching: LHP Cherles Gachineiro
Batting: RHB Cristo González 0-0: Called Strike
Error on foul ball, E7
0-2: Reached on error, E6 (Popup, 56D)
Batting: RHB Wade Killefer 0-0: Ball
1-0: Called Strike
1-1: Called Strike
1-2: Foul Ball, location: 2F
1-2: Fly out, F7 (Flyball, 78XD)
Batting: SHB Jorge Velázquez 0-0: Called Strike
0-1: Ball
1-1: Called Strike
1-2: Ball
2-2: Ball
3-2: Strikes out swinging
Cristo González steals 2nd base
Batter strikes out.
Batting: RHB Abílio Conceio 0-0: Ball
1-0: Ball
2-0: Ball
3-0: Called Strike
3-1: Called Strike
3-2: Strikes out swinging
Top of the 1st over - 0 run(s), 0 hit(s), 2 error(s), 1 left on base; Bakersfield 0 - Vermont 0
BOTTOM OF THE 1ST
Vermont Lake Monsters batting - Pitching for Bakersfield Nobles : RHP Valentín Rivera
Pitching: RHP Valentín Rivera
Batting: RHB Rafael Pueblo 0-0: Ball
1-0: Ball
2-0: Called Strike
2-1: Ball
3-1: Base on Balls
Batting: RHB Bronson Nicholls 0-0: Ball
1-0: Called Strike
1-1: Grounds into double play, 6-4-3 (Groundball, 6)
Batting: RHB Fred Meyer 0-0: Foul Ball, location: 2F
0-1: Ball
1-1: Ball
2-1: Fly out, F8 (Flyball, 8LD)
Bottom of the 1st over - 0 run(s), 0 hit(s), 0 error(s), 0 left on base; Bakersfield 0 - Vermont 0
TOP OF THE 2ND
Bakersfield Nobles batting - Pitching for Vermont Lake Monsters : LHP Cherles Gachineiro
Batting: RHB Logan Cole 0-0: Called Strike
0-1: SINGLE (Line Drive, 6MD)
Batting: RHB Alfredo García 0-0: Swinging Strike
0-1: Called Strike
0-2: Foul Ball, location: 2F
0-2: DOUBLE (Groundball, 5L)
Logan Cole to third
Batting: RHB Jock Semple 0-0: Ball
1-0: Ball
2-0: Fly out, F7 (Flyball, 78S)
Runner from 3rd tags up, SCORES, no throw
Batting: SHB Silas Floyd 0-0: Ball
1-0: Foul Ball, location: 2F
1-1: Called Strike
1-2: Strikes out swinging
Batting: LHB Markus Richardson 0-0: Ground out 1-3 (Groundball, P)
Top of the 2nd over - 1 run(s), 2 hit(s), 0 error(s), 1 left on base; Bakersfield 1 - Vermont 0
BOTTOM OF THE 2ND
Vermont Lake Monsters batting - Pitching for Bakersfield Nobles : RHP Valentín Rivera
Batting: LHB Gustavo Vázquez 0-0: Ball
1-0: Called Strike
1-1: SINGLE (Groundball, 4MD)
Batting: RHB Luis Rodríguez 0-0: Called Strike
Gustavo Vázquez is caught stealing 2nd base
0-1: Swinging Strike
0-2: Ball
1-2: Foul Ball, location: 2F
1-2: Strikes out swinging
Batting: RHB Ray John 0-0: Foul Ball, location: 2F
0-1: Ball
1-1: Ball
2-1: Foul Ball, location: 2F
2-2: Foul Ball, location: 2F
2-2: Ball
3-2: Strikes out swinging
Bottom of the 2nd over - 0 run(s), 1 hit(s), 0 error(s), 0 left on base; Bakersfield 1 - Vermont 0
TOP OF THE 3RD
Bakersfield Nobles batting - Pitching for Vermont Lake Monsters : LHP Cherles Gachineiro
Batting: RHB Cristo González 0-0: Called Strike
0-1: Foul Ball, location: 2F
0-2: Strikes out looking
Batting: RHB Wade Killefer 0-0: Called Strike
0-1: Foul Ball, location: 2F
0-2: Ball
1-2: SINGLE (Line Drive, 7LS)
Batting: SHB Jorge Velázquez 0-0: Called Strike
0-1: Ball
1-1: Swinging Strike
1-2: Strikes out swinging
Batting: RHB Abílio Conceio 0-0: Ball
1-0: Foul Ball, location: 2F
1-1: Swinging Strike
1-2: Ball
2-2: Ball
3-2: Foul Ball, location: 2F
3-2: Base on Balls
Wade Killefer to second
Batting: RHB Logan Cole 0-0: Foul Ball, location: 2F
0-1: Foul Ball, location: 2F
0-2: Ball
1-2: Ball
2-2: Foul Ball, location: 2F
2-2: Ball
3-2: Base on Balls
Wade Killefer to third
Abílio Conceio to second
Batting: RHB Alfredo García 0-0: Called Strike
0-1: Ball
1-1: DOUBLE (Line Drive, 7LS)
Wade Killefer scores
Abílio Conceio scores
Logan Cole to third
Batting: RHB Jock Semple 0-0: Called Strike
0-1: Ball
1-1: Ball
2-1: Ball
3-1: Called Strike
3-2: Fly out, F9 (Flyball, 9LMF)
Top of the 3rd over - 2 run(s), 2 hit(s), 0 error(s), 2 left on base; Bakersfield 3 - Vermont 0
BOTTOM OF THE 3RD
Vermont Lake Monsters batting - Pitching for Bakersfield Nobles : RHP Valentín Rivera
Batting: RHB Demeter Valverde 0-0: SINGLE (Groundball, 56D)
Batting: RHB Augusto Encarnación 0-0: Ball
1-0: Swinging Strike
1-1: Foul Ball, location: 2F
1-2: Strikes out swinging
Batting: RHB Juan Báez 0-0: Called Strike
0-1: Swinging Strike
0-2: Foul Ball, location: 2F
0-2: Ball
1-2: Ball
2-2: Fly out, F9 (Flyball, 9LD)
Batting: RHB Rafael Pueblo 0-0: Fielders Choice at 2nd, 4-6 (Groundball, 4)
Bottom of the 3rd over - 0 run(s), 1 hit(s), 0 error(s), 0 left on base; Bakersfield 3 - Vermont 0
TOP OF THE 4TH
Bakersfield Nobles batting - Pitching for Vermont Lake Monsters : LHP Cherles Gachineiro
Batting: SHB Silas Floyd 0-0: Ball
1-0: Ball
2-0: SINGLE (Flyball, 6MD)
Batting: LHB Markus Richardson 0-0: Called Strike
0-1: Called Strike
0-2: SINGLE (Groundball, 4MD)
Silas Floyd to second
Runner from 2nd tries for 3rd, SAFE after rundown.
Batting: RHB Cristo González 0-0: Ball
1-0: Fly out, F6 (Popup, 5D)
Batting: RHB Wade Killefer 0-0: Called Strike
0-1: Foul Ball, location: 2F
0-2: Ball
1-2: Fly out, F7 (Flyball, 78S)
Batting: SHB Jorge Velázquez 0-0: Fly out, F9 (Line Drive, 9)
Top of the 4th over - 0 run(s), 2 hit(s), 0 error(s), 2 left on base; Bakersfield 3 - Vermont 0
BOTTOM OF THE 4TH
Vermont Lake Monsters batting - Pitching for Bakersfield Nobles : RHP Valentín Rivera
Batting: RHB Bronson Nicholls 0-0: Ball
1-0: Ball
2-0: Ball
3-0: Called Strike
3-1: Fly out, F9 (Line Drive, 9)
Batting: RHB Fred Meyer 0-0: Called Strike
0-1: Fly out, F7 (Flyball, 78D)
Batting: LHB Gustavo Vázquez 0-0: Foul Ball, location: 2F
0-1: Called Strike
0-2: Ball
1-2: SINGLE (Groundball, 4MD)
Batting: RHB Luis Rodríguez 0-0: Ball
1-0: Foul Ball, location: 2F
1-1: Called Strike
1-2: Strikes out swinging
Bottom of the 4th over - 0 run(s), 1 hit(s), 0 error(s), 1 left on base; Bakersfield 3 - Vermont 0
TOP OF THE 5TH
Bakersfield Nobles batting - Pitching for Vermont Lake Monsters : LHP Cherles Gachineiro
Batting: RHB Abílio Conceio 0-0: Called Strike
0-1: Ball
1-1: Ball
2-1: DOUBLE (Flyball, 78XD)
Batting: RHB Logan Cole 0-0: Ball
1-0: Ball
2-0: Ball
3-0: Base on Balls
Batting: RHB Alfredo García 0-0: Bunted foul
0-1: Sac Bunt - play at first, batter OUT! 1-4
Abílio Conceio to third
Logan Cole to second
Pitching: RHP Roberto Cantú
Batting: RHB Jock Semple 0-0: Called Strike
0-1: Ball
1-1: Swinging Strike
1-2: Ball
2-2: Ball
3-2: Base on Balls
Batting: SHB Silas Floyd 0-0: Ball
1-0: Grounds into double play, 5-4-3 (Groundball, 56)
Top of the 5th over - 0 run(s), 1 hit(s), 0 error(s), 2 left on base; Bakersfield 3 - Vermont 0
BOTTOM OF THE 5TH
Vermont Lake Monsters batting - Pitching for Bakersfield Nobles : RHP Valentín Rivera
Batting: RHB Ray John 0-0: Foul Ball, location: 2F
0-1: Foul Ball, location: 2F
0-2: Fly out, F9 (Flyball, 9S)
Batting: RHB Demeter Valverde 0-0: Ball
1-0: Called Strike
1-1: SINGLE (Line Drive, 8RS)
Batting: RHB Augusto Encarnación 0-0: Called Strike
0-1: Fly out, F8 (Flyball, 8LM)
Batting: RHB Juan Báez 0-0: Called Strike
0-1: Ball
1-1: Foul Ball, location: 2F
1-2: Foul Ball, location: 2F
1-2: Ball
Demeter Valverde steals 2nd base
2-2: 2-RUN HOME RUN (Flyball, 8LXD), Distance : 440 ft
Batting: RHB Rafael Pueblo 0-0: Ball
1-0: Fly out, F8 (Line Drive, 8RD)
Bottom of the 5th over - 2 run(s), 2 hit(s), 0 error(s), 0 left on base; Bakersfield 3 - Vermont 2
TOP OF THE 6TH
Bakersfield Nobles batting - Pitching for Vermont Lake Monsters : RHP Roberto Cantú
Batting: LHB Markus Richardson 0-0: Ball
1-0: Called Strike
1-1: Ball
2-1: Ball
3-1: Fly out, F7 (Flyball, 7LM)
Batting: RHB Cristo González 0-0: Ball
1-0: Called Strike
1-1: Fly out, F9 (Flyball, 9LMF)
Batting: RHB Wade Killefer 0-0: Ball
1-0: Ball
2-0: Called Strike
2-1: Ball
3-1: Foul Ball, location: 2F
3-2: Foul Ball, location: 2F
3-2: Foul Ball, location: 2F
3-2: Foul Ball, location: 2F
3-2: Strikes out swinging
Top of the 6th over - 0 run(s), 0 hit(s), 0 error(s), 0 left on base; Bakersfield 3 - Vermont 2
BOTTOM OF THE 6TH
Vermont Lake Monsters batting - Pitching for Bakersfield Nobles : RHP Valentín Rivera
Batting: RHB Bronson Nicholls 0-0: Ball
1-0: Ball
2-0: Called Strike
2-1: Foul Ball, location: 2F
2-2: Fly out, F9 (Flyball, 89D)
Batting: RHB Fred Meyer 0-0: Called Strike
0-1: Ball
1-1: Called Strike
1-2: Fly out, F8 (Line Drive, 8LM)
Batting: LHB Gustavo Vázquez 0-0: Foul Ball, location: 2F
0-1: Foul Ball, location: 2F
0-2: Ball
1-2: Foul Ball, location: 2F
1-2: Strikes out swinging
Bottom of the 6th over - 0 run(s), 0 hit(s), 0 error(s), 0 left on base; Bakersfield 3 - Vermont 2
TOP OF THE 7TH
Bakersfield Nobles batting - Pitching for Vermont Lake Monsters : RHP Roberto Cantú
Batting: SHB Jorge Velázquez 0-0: Ball
1-0: Ball
2-0: DOUBLE (Line Drive, 78D)
Batting: RHB Abílio Conceio 0-0: Ball
1-0: Foul Ball, location: 2F
1-1: Ball
2-1: Hit by Pitch
Batting: RHB Logan Cole 0-0: Called Strike
0-1: Ball
1-1: Ball
2-1: Foul Ball, location: 2F
2-2: Grounds into double play, 6-4-3 (Groundball, 6)
Jorge Velázquez to third
Pinch Hitting: LHB Theo Fightmaster 0-0: Swinging Strike
0-1: Called Strike
0-2: Strikes out swinging
Top of the 7th over - 0 run(s), 1 hit(s), 0 error(s), 1 left on base; Bakersfield 3 - Vermont 2
BOTTOM OF THE 7TH
Vermont Lake Monsters batting - Pitching for Bakersfield Nobles : RHP Valentín Rivera
Now in LF: Mike Kelly
Batting: RHB Luis Rodríguez 0-0: Ball
1-0: Swinging Strike
1-1: Ball
2-1: Swinging Strike
2-2: Strikes out swinging
Batting: RHB Ray John 0-0: Ball
1-0: Ground out 6-3 (Groundball, 6)
Batting: RHB Demeter Valverde 0-0: Foul Ball, location: 2F
0-1: Called Strike
0-2: Ball
1-2: Ball
2-2: Ball
3-2: Strikes out swinging
Bottom of the 7th over - 0 run(s), 0 hit(s), 0 error(s), 0 left on base; Bakersfield 3 - Vermont 2
TOP OF THE 8TH
Bakersfield Nobles batting - Pitching for Vermont Lake Monsters : RHP Roberto Cantú
Batting: RHB Jock Semple 0-0: Ball
1-0: Called Strike
1-1: Ball
2-1: Ball
3-1: DOUBLE (Flyball, 9D)
Batting: SHB Silas Floyd 0-0: Called Strike
0-1: Swinging Strike
0-2: Ball
1-2: Fly out, F7 (Flyball, 7LS)
Batting: LHB Markus Richardson 0-0: Ball
1-0: Called Strike
1-1: SINGLE (Groundball, 56D)
Jock Semple to third
Runner from 3rd tries for Home, SAFE, no throw
Pitching: RHP Bill Lee
Batting: RHB Cristo González 0-0: Ball
1-0: Ball
2-0: Called Strike
2-1: Foul Ball, location: 2F
2-2: Ball
3-2: Foul Ball, location: 2F
3-2: Base on Balls
Markus Richardson to second
Batting: RHB Wade Killefer 0-0: Called Strike
0-1: Ball
1-1: Swinging Strike
1-2: Strikes out swinging
Batting: SHB Jorge Velázquez 0-0: Called Strike
0-1: Ball
1-1: Foul Ball, location: 2F
1-2: Ball
2-2: Foul Ball, location: 2F
2-2: Foul Ball, location: 2F
2-2: Foul Ball, location: 2F
2-2: Strikes out swinging
Top of the 8th over - 1 run(s), 2 hit(s), 0 error(s), 2 left on base; Bakersfield 4 - Vermont 2
BOTTOM OF THE 8TH
Vermont Lake Monsters batting - Pitching for Bakersfield Nobles : RHP Valentín Rivera
Batting: RHB Augusto Encarnación 0-0: Swinging Strike
0-1: Foul Ball, location: 2F
0-2: Ball
1-2: Strikes out swinging
Batting: RHB Juan Báez 0-0: Ball
1-0: Called Strike
1-1: Foul Ball, location: 2F
1-2: Ball
2-2: SINGLE (Line Drive, 8LS)
Batting: RHB Rafael Pueblo 0-0: Called Strike
0-1: Foul Ball, location: 2F
0-2: Ball
1-2: Ball
2-2: Foul Ball, location: 2F
2-2: Foul Ball, location: 2F
2-2: Fielders Choice at 2nd, 6-4 (Groundball, 6MD)
Pitching: RHP Kyung-un Yi
Batting: RHB Bronson Nicholls 0-0: Called Strike
0-1: Ball
1-1: Ball
2-1: Foul Ball, location: 2F
2-2: Ground out 6-3 (Groundball, 6S)
Bottom of the 8th over - 0 run(s), 1 hit(s), 0 error(s), 1 left on base; Bakersfield 4 - Vermont 2
TOP OF THE 9TH
Bakersfield Nobles batting - Pitching for Vermont Lake Monsters : RHP Bill Lee
Batting: RHB Abílio Conceio 0-0: Ball
1-0: Swinging Strike
1-1: SINGLE (Groundball, 34D)
Batting: RHB Logan Cole 0-0: Foul Ball, location: 2F
0-1: Grounds into double play, 6-4-3 (Groundball, 6)
Batting: RHB Mike Kelly 0-0: Foul Ball, location: 2F
0-1: Ground out 6-3 (Groundball, 56D)
Top of the 9th over - 0 run(s), 1 hit(s), 0 error(s), 0 left on base; Bakersfield 4 - Vermont 2
BOTTOM OF THE 9TH
Vermont Lake Monsters batting - Pitching for Bakersfield Nobles : RHP Kyung-un Yi
Pitching: RHP Mark Deeds
Batting: RHB Fred Meyer 0-0: Ball
1-0: Ball
2-0: Fly out, F5 (Line Drive, 5S)
Batting: LHB Gustavo Vázquez 0-0: Ball
1-0: Foul Ball, location: 2F
1-1: Foul Ball, location: 2F
1-2: SINGLE (Line Drive, 4D)
Pinch Hitting: RHB Adrian Smith 0-0: Foul Ball, location: 2F
0-1: Ball
1-1: Foul Ball, location: 2F
1-2: Foul Ball, location: 2F
1-2: Grounds into double play, 1-6-3 (Groundball, P)
Bottom of the 9th over - 0 run(s), 1 hit(s), 0 error(s), 0 left on base; Bakersfield 4 - Vermont 2
Saturday, May 26th, 2018 - OOTP Baseball 17.12 Build 75